[Event "US Open 2021"]
[Site "Crowne Plaza Cherry Hill, United States"]
[Date "2021.08.06"]
[Round "7.1"]
[White "Lenderman, Aleksandre"]
[Black "Niemann, Hans"]
[Result "1-0"]
[TimeControl "40/100;SD/30;+30"]
[WhiteTitle "GM"]
[BlackTitle "GM"]
[WhiteElo "2703"]
[BlackElo "2648"]

1. d4 Nf6 2. Bg5 d5 3. e3 c5 4.
Bxf6 gxf6 5. dxc5 e6 6. Nf3 Bxc5 7.
Be2 Qb6 8. c4 dxc4 9. Nbd2 c3 10. bxc3 Be7 11. Nd4 a6 12.
Rb1 Qc7 13. Qa4+ Nd7 14. N4f3 f5 15.
e4 Qxc3 16. exf5 exf5 17. O-O O-O 18.
Rfc1 Nc5 19. Qf4 Qg7 20. Nc4 Be6 21.
Ne3 Qf6 22. Nd4 Rfd8 23. Ndxf5 Bf8 24. Rxc5 Bxc5 25. Ng4 Qg6 26. Rxb7 Bf8 27. Nfh6+ Kh8 28. Nxf7+ Bxf7 29. Ne5 1-0

[Event "US Open 2021"]
[Site "Crowne Plaza Cherry Hill, United States"]
[Date "2021.08.06"]
[Round "7.2"]
[White "Sorokin, Aleksey"]
[Black "Gareyev, Timur"]
[Result "1/2-1/2"]
[TimeControl "40/100;SD/30;+30"]
[WhiteTitle "GM"]
[BlackTitle "GM"]
[WhiteElo "2628"]
[BlackElo "2692"]

1. d4 Nf6 2. c4 e6 3. Nf3 b6 4. a3 Bb7 5. Nc3 g6 6. Qc2 Bxf3 7. gxf3 Nc6 8.
d5 Nd4 9. Qd1 c5 10. Bh3 Bg7 11. e3 Nf5 12.
dxe6 dxe6 13. Bxf5 gxf5 14. Rg1 Qxd1+ 15. Kxd1 Rg8 16. Ke2 Ke7 17. Bd2 Nd7 18. f4 Bf6 19. Rxg8 Rxg8 20. Kf1 Rc8 1/2-1/2

[Event "US Open 2021"]
[Site "Crowne Plaza Cherry Hill, United States"]
[Date "2021.08.06"]
[Round "7.3"]
[White "Burke, John Michael"]
[Black "Schmakel, Samuel Arthur"]
[Result "1-0"]
[TimeControl "40/100;SD/30;+30"]
[WhiteTitle "GM"]
[BlackTitle "GM"]
[WhiteElo "2640"]
[BlackElo "2488"]

1. e4 e6 2. d4 d5 3. Nc3 Nf6 4.
Bg5 dxe4 5. Nxe4 Be7 6.
Bxf6 gxf6 7. Qd2 f5 8. Nc3 a6 9.
g3 b5 10. Bg2 c6 11. Nf3 Nd7 12. O-O-O Bb7 13. Qf4 h5 14. Kb1 Qb6 15.
Ng5 Rg8 16. h4 Rg7 17. Bf3 Nf6 18. Qe5 Qd8 19. Rhe1 Qd6 20. Qe2 Ng4 21. d5 cxd5 22. Nxd5 exd5 23. Bxd5 Bxd5 24. Rxd5 Qc7 25. Rxf5 O-O-O 26. Nxf7 Rd7 27.
a4 Bf6 28. Qe8+ Kb7 29. Rc5 Qxc5 30. Qxd7+ Qc7 31. Qd5+ Ka7 32. Re8 bxa4 33. Nd6 1-0

[Event "US Open 2021"]
[Site "Crowne Plaza Cherry Hill, United States"]
[Date "2021.08.06"]
[Round "7.4"]
[White "Nyzhnyk, Illia"]
[Black "Homa, Seth"]
[Result "1/2-1/2"]
[TimeControl "40/100;SD/30;+30"]
[WhiteTitle "GM"]
[WhiteElo "2778"]
[BlackElo "2394"]

1. c4 e6 2. Nf3 d5 3. d4 c6 4.
Qc2 Nf6 5. g3 dxc4 6. Qxc4 b5 7. Qc2 Bb7 8. Bg2 Nbd7 9. Ne5 Nxe5 10. dxe5 Nd5 11. O-O Be7 12. Nd2 Qb8 13. Nf3 h6 14. Qe4 c5 15. a4 a6 16. axb5 axb5 17. Bd2 O-O 18.
Qg4 Kh7 19. Qh5 Nb6 20. Bf4 Ra4 21.
Rxa4 Nxa4 22. Rd1 Qc7 23. Rd2 c4 24. g4 c3 25. bxc3 Nxc3 26.
Bf1 Qc4 27. e3 Qc6 28. Bg2 Qc4 29.
Bf1 Qc6 30. Bg2 Qc4 31. Bf1 1/2-1/2

[Event "US Open 2021"]
[Site "Crowne Plaza Cherry Hill, United States"]
[Date "2021.08.06"]
[Round "7.5"]
[White "Bruzon Batista, Lazaro"]
[Black "Bartell, Thomas"]
[Result "1-0"]
[TimeControl "40/100;SD/30;+30"]
[WhiteTitle "GM"]
[BlackTitle "IM"]
[WhiteElo "2725"]
[BlackElo "2511"]

1. e4 c6 2. d4 d5 3. e5 Bf5 4. Nd2 e6 5. Nb3 Nd7 6. Nf3 Ne7 7.
Be2 Bg6 8. O-O Nf5 9. a4 Be7 10. a5 O-O 11. g4 Nh4 12. Nxh4 Bxh4 13. f4 f5 14. g5 h6 15. gxh6 gxh6 16. Kh1 Kh7 17. Be3 b5 18.
Nd2 Be7 19. Rg1 Rg8 20. Qf1 Qe8 21. Qh3 Qf7 22. Rg3 Rg7 23. Nf3 Rh8 24. Rag1 Kg8 25. Nh4 Bxh4 26. Qxh4 Rhh7 27. Bd2 Qe8 28.
Bb4 Kh8 29. R1g2 1-0

[Event "US Open 2021"]
[Site "Crowne Plaza Cherry Hill, United States"]
[Date "2021.08.06"]
[Round "7.6"]
[White "Jacobson, Aaron"]
[Black "Gledura, Benjamin"]
[Result "0-1"]
[TimeControl "40/100;SD/30;+30"]
[WhiteTitle "FM"]
[BlackTitle "GM"]
[WhiteElo "2428"]
[BlackElo "2721"]

1. d4 Nf6 2. c4 g6 3. Nc3 d5 4.
cxd5 Nxd5 5. e4 Nxc3 6. bxc3 Bg7 7. Nf3 c5 8. Rb1 O-O 9. Be2 Nd7 10. O-O Nf6 11. Bd3 Qc7 12. Re1 e6 13. h3 b6 14. a4 Bb7 15.
a5 Nd7 16. axb6 axb6 17. e5 Bd5 18.
Ng5 Ra2 19. h4 Rfa8 20. h5 Ra1 21. hxg6 hxg6 22. Qg4 Nf8 23. Bd2 Rxb1 24. Rxb1 Ra3 25. Ne4 cxd4 26. Nf6+ Bxf6 27. exf6 Qe5 28. cxd4 Qxf6 29. Bg5 Qg7 30. Bf1 Nd7 31. Bb5 Nf6 32. Qf4 Ne4 33. Be7 Ra8 34. Bd3 f5 35. Bg5 Nxg5 36. Qxg5 Qxd4 37. Qxg6+ Kf8 38. Qh6+ Ke7 39. Qg5+ Kd6 40.
Rd1 Qg4 41. Qxg4 fxg4 42. Be2 g3 43.
fxg3 Ra2 44. Kf2 b5 45. Ke3 Ra3+ 46. Kf2 b4 47. g4 b3 48. g5 Ke5 49. g6 Kf6 50. Bd3 Ra2+ 51. Ke3 Rxg2 52. Kd4 Rg4+ 53. Kc3 Ke5 54. Re1+ Kd6 55. Ra1 Rg3 56. Ra6+ Kc5 57. Ra5+ Kb6 58.
Ra6+ Kc5 59. Ra5+ Kd6 60. Ra6+ Ke5 61. Ra5 Kf6 62. Kd4 Bc6 63. Ra6 Rxd3+ 0-1

[Event "US Open 2021"]
[Site "Crowne Plaza Cherry Hill, United States"]
[Date "2021.08.06"]
[Round "7.7"]
[White "O'Brien, Matthew"]
[Black "Liang, Awonder"]
[Result "0-1"]
[TimeControl "40/100;SD/30;+30"]
[BlackTitle "GM"]
[WhiteElo "2309"]
[BlackElo "2674"]

1. e4 c6 2. Nc3 d5 3. Nf3 Bg4 4.
d4 Nf6 5. h3 Bxf3 6. gxf3 e6 7.
Qd3 Nbd7 8. Rg1 g6 9. Bd2 Nb6 10. Qe3 h5 11. O-O-O Bh6 12. Qe1 Bxd2+ 13. Qxd2 Qe7 14. Kb1 O-O-O 15. h4 dxe4 16. fxe4 e5 17.
Qe3 Ng4 18. Bh3 Nc4 19. Qg3 Qb4 20. b3 exd4 21. Ne2 f5 22. exf5 Nd2+ 23. Ka1 d3 24. c3 Nxb3+ 25. Kb2 Qe7 26.
Nf4 Nc5 27. f3 Na4+ 28. Kb3 Qc5 29. c4 Qd4 30. Rc1 Qb2+ 31. Kxa4 Qxa2+ 32. Kb4 a5+ 33. Kc5 Qa3+ 34. Kb6 Qb4+ 35. Ka7 Qc5+ 36. Ka8 Kc7# 0-1

[Event "US Open 2021"]
[Site "Crowne Plaza Cherry Hill, United States"]
[Date "2021.08.06"]
[Round "7.8"]
[White "Shabalov, Alexander"]
[Black "Mabe, Chris"]
[Result "1-0"]
[TimeControl "40/100;SD/30;+30"]
[WhiteTitle "GM"]
[WhiteElo "2624"]
[BlackElo "2245"]

1. e4 e6 2. d4 d5 3. Nc3 Bb4 4. e5 Ne7 5. a3 Bxc3+ 6. bxc3 c5 7. h4 Qa5 8. Bd2 Nbc6 9. a4 O-O 10.
Nf3 f6 11. exf6 Rxf6 12. Be2 Bd7 13.
O-O Qc7 14. dxc5 e5 15. c4 d4 16. Ng5 Bf5 17. Bd3 Nd8 18. Rb1 Ne6 19. Qh5 Nxg5 20. Bxg5 Bg6 21. Qg4 Ra6 22. Rfe1 Rf8 23.
Bxe7 Qxe7 24. Qxd4 Re8 25. Qd5+ Bf7 26. Rxb7 1-0

[Event "US Open 2021"]
[Site "Crowne Plaza Cherry Hill, United States"]
[Date "2021.08.06"]
[Round "7.9"]
[White "Cooklev, Steven T"]
[Black "Matviishen, Viktor"]
[Result "0-1"]
[TimeControl "40/100;SD/30;+30"]
[BlackTitle "IM"]
[WhiteElo "2216"]
[BlackElo "2575"]

1. e4 e5 2. Bc4 Nf6 3. d3 Bc5 4. Nc3 O-O 5.
Bg5 d6 6. Qf3 c6 7. Bxf6 Qxf6 8. Qxf6 gxf6 9. Nge2 a5 10.
a3 b5 11. Ba2 Be6 12. Ng3 Nd7 13. Nce2 b4 14. a4 Rab8 15.
Bc4 Bxc4 16. dxc4 b3 17.
c3 Nb6 18. Nh5 Rfd8 19. Neg3 Nxc4 20. O-O-O d5 21. Nf5 Kh8 22. Nxf6 Nd6 23. Ng4 Nxf5 24. Nxe5 Ne7 25. Nxf7+ Kg7 26. Nxd8 Rxd8 27. Rd2 Rf8 28. exd5 cxd5 29. Kd1 Rf4 30. Re1 Rxa4 31. Re6 Ra1+ 32.
Ke2 a4 33. Ra6 a3 34. bxa3 Ra2 35. Ra5 b2 36. Rb5 Bxa3 37. f4 Nf5 38. Kd3 Nd6 39.
Rdxb2 Rxb2 40. Rxb2 Bxb2 41. Kd4 Nf5+ 42. Kd3 h5 43. Kd4 0-1

[Event "US Open 2021"]
[Site "Crowne Plaza Cherry Hill, United States"]
[Date "2021.08.06"]
[Round "7.10"]
[White "Rosenthal, Nicholas"]
[Black "Fishbein, Alexander"]
[Result "1-0"]
[TimeControl "40/100;SD/30;+30"]
[BlackTitle "GM"]
[WhiteElo "2240"]
[BlackElo "2537"]

1. e4 c5 2. Nf3 d6 3. Bb5+ Bd7 4. Bxd7+ Nxd7 5. O-O Ngf6 6. Re1 e6 7. c4 Be7 8. d4 cxd4 9. Nxd4 O-O 10.
b3 a6 11. Nc3 Qa5 12. Bb2 Rfc8 13. Qd2 Rab8 14. a4 Nc5 15. Qc2 Qb6 16. Re3 h6 17. h3 Bf8 18. Nb1 d5 19. exd5 exd5 20.
a5 Qd8 21. Nd2 Nce4 22. Nxe4 Nxe4 23. Rd1 Bc5 24. Ne6 fxe6 25. Rxe4 Bf8 26. Rxe6 Qd7 27. Re5 Qf7 28. Rf5 Qe6 29. Rfxd5 Re8 30. Qc3 Qg6 31.
Qd3 Qxd3 32. R1xd3 Re1+ 33. Kh2 Rbe8 34. Rd7 R8e6 35. Rd8 R1e2 36. Ba3 Re8 37.
Rxe8 Rxe8 38. Bxf8 Rxf8 39. Rd7 Rxf2 40. Rxb7 Kf8 41. b4 Ra2 42. c5 Rc2 43. Kg3 Rc4 44. Kf3 g5 45. Ke3 Ke8 46. Kd3 Rf4 47. b5 Kd8 48. bxa6 Kc8 49. c6 1-0

[Event "US Open 2021"]
[Site "Crowne Plaza Cherry Hill, United States"]
[Date "2021.08.06"]
[Round "7.11"]
[White "Molner, Mackenzie S"]
[Black "Vanapalli, Vishnu"]
[Result "1/2-1/2"]
[TimeControl "40/100;SD/30;+30"]
[WhiteTitle "GM"]
[WhiteElo "2517"]
[BlackElo "2180"]

1. e4 e5 2. Nf3 Nc6 3.
Bc4 Bc5 4. c3 Nf6 5. d3 d6 6. O-O O-O 7. a4 a5 8.
Nbd2 Ba7 9. h3 Ne7 10. Re1 Ng6 11. Nf1 c6 12. Ng3 Re8 13. Bb3 h6 14. d4 Be6 15. Be3 Qc7 16. Qc2 Bxb3 17.
Qxb3 d5 18. Nxe5 Nxe4 19. Nxe4 Nxe5 20. dxe5 Bxe3 21. Rxe3 dxe4 22. Rxe4 Rxe5 23. Rxe5 Qxe5 24. Qxb7 Rb8 25. Qxc6 Rxb2 26. Qc8+ Kh7 27. Qc4 Qf6 28. Qc5 Rc2 29. Rd1 Ra2 30. Qd4 Qc6 31. Qd3+ g6 32.
Qd7 Qxd7 33. Rxd7 Rxa4 34. Rxf7+ Kg8 35. Rc7 h5 36. g3 Ra2 37. Kg2 Rc2 38. Ra7 Rxc3 39. Rxa5 Kg7 40. Re5 Kf6 41. Re3 Rc2 42. h4 Ra2 43. Kf3 Ra4 44. Re4 Ra2 45. Ke3 Rb2 46. f3 Rb3+ 47. Kf4 Rb5 48. Ra4 Rc5 49. Ra6+ Kg7 50. Re6 Rc4+ 51. Re4 Rc3 52.
g4 hxg4 53. fxg4 Rc5 54. Re5 Rc7 55. Kg5 Ra7 56. Rd5 1/2-1/2

[Event "US Open 2021"]
[Site "Crowne Plaza Cherry Hill, United States"]
[Date "2021.08.06"]
[Round "7.12"]
[White "Akobian, varuzhan"]
[Black "Macaspac, Arthur"]
[Result "1-0"]
[TimeControl "40/100;SD/30;+30"]
[WhiteTitle "GM"]
[WhiteElo "2678"]
[BlackElo "2230"]

1. d4 d5 2. c4 c6 3.
cxd5 cxd5 4. Nf3 Nc6 5.
Nc3 Nf6 6. Bf4 e6 7. e3 a6 8.
Bd3 Be7 9. Ne5 Bd7 10. Rc1 O-O 11. O-O Qa5 12. Bg5 Qd8 13. f4 b5 14. Rf3 b4 15. Bxf6 Bxf6 16. Bxh7+ Kxh7 17. Rh3+ 1-0